Map: Acid Plant LE

Players

Rogue

  • Race: Zerg Zerg
  • Spawn Location: 5:00

Maru - Winner!

  • Race: Terran Terran
  • Spawn Location: 11:00

Event: IEM Season 12 - Katowice

VOD

Have the link to the VOD?

Description

Time

  • Played on: March 4, 2018, 6:02 a.m.
  • Length: 14:47

All games in this series

Show
View Real Time Build Order
Export as new Build Order

Rogue Zerg 

Build Orders: Hatch First 

Get SALT Encoding   

  12  0:00  Drone  
  13  0:13  Overlord  
  13  0:17  Drone  
  14  0:31  Drone x2  
  14  0:35  Drone  
  17  0:51  Hatchery  
  17  0:55  Drone  
  17  0:58  Drone  
  18  1:08  Extractor  
  17  1:12  Spawning Pool  
  17  1:15  Drone  
  17  1:19  Drone  
  18  1:29  Drone  
  19  1:40  Overlord  
  19  1:59  Queen  
  19  2:00  Zergling x2  
  19  2:01  Zergling x2  
  23  2:02  Queen  
  23  2:03  Zergling x2  
  23  2:07  Metabolic Boost  
  26  2:12  Drone  
  26  2:14  Drone  
  28  2:22  Drone  
  29  2:25  Drone  
  30  2:35  Drone  
  31  2:38  Queen  
  31  2:41  Overlord  
  32  2:45  Pneumatized Carapace  
  32  2:46  Drone  
  32  2:49  Drone  
  34  2:59  Drone  
  34  3:02  Drone  
  36  3:06  Drone  
  36  3:09  Drone x4  
  36  3:11  Drone x2  
  43  3:15  Overlord  
  43  3:33  Hatchery  
  42  3:35  Drone  
  42  3:36  Drone x2  
  45  3:41  Drone x2  
  45  3:43  Overlord  
  45  3:44  Evolution Chamber  
  46  3:51  Queen  
  46  3:52  Queen  
  50  3:58  Overlord  
  50  3:59  Drone  
  51  4:04  Drone x3  
  51  4:05  Drone  
  55  4:10  Zerg Ground Armor Level 1  
  55  4:12  Overlord  
  56  4:17  Drone x2  
  56  4:18  Drone  
  56  4:19  Drone  
  56  4:21  Drone  
  60  4:24  Drone x2  
  62  4:32  Queen  
  62  4:33  Queen  
  62  4:37  Zergling x4  
  68  4:41  Zergling x2  
  69  4:46  Queen  
  69  4:47  Zergling x4  
  69  4:50  Zergling x2  
  74  4:55  Zergling x2  
  75  5:00  Spore Crawler  
  75  5:01  Zergling x14  
  81  5:07  Baneling Nest  
  81  5:08  Overlord  
  80  5:15  Lair  
  80  5:18  Drone x2, Hatchery  
  80  5:20  Overlord  
  81  5:27  Overlord  
  81  5:31  Drone  
  81  5:32  Drone x5  
  81  5:33  Drone, Spore Crawler  
  87  5:38  Drone  
  87  5:42  Extractor  
  84  5:43  Zergling x2  
  84  5:46  Zergling x6  
  84  5:47  Extractor, Zergling x6  
  90  5:51  Evolution Chamber  
  90  5:52  Drone x3  
  92  6:02  Overlord  
  92  6:05  Baneling x8  
  92  6:07  Drone  
  92  6:08  Drone  
  92  6:09  Extractor  
  92  6:10  Overlord, Extractor  
  92  6:14  Zergling x8  
  96  6:19  Drone x3  
  96  6:21  Queen  
  101  6:25  Zergling x2  
  101  6:26  Zergling x8  
  101  6:30  Drone  
  101  6:31  Drone  
  99  6:35  Zerg Ground Armor Level 2  
  99  6:38  Drone x2  
  99  6:39  Spore Crawler, Extractor  
  99  6:41  Drone  
  100  6:47  Drone  
  100  6:49  Drone  
  100  6:51  Spore Crawler, Hydralisk Den  
  100  6:54  Spore Crawler, Overlord  
  100  6:56  Drone x2  
  100  6:57  Drone  
  102  7:04  Overlord  
  102  7:06  Centrifical Hooks  
  102  7:07  Zerg Melee Weapons Level 1  
  100  7:09  Zergling x8  
  100  7:10  Zergling x2, Hatchery  
  100  7:11  Zergling x2  
  105  7:17  Drone  
  106  7:23  Zergling x12  
  106  7:28  Drone, Grooved Spines  
  113  7:31  Baneling x6  
  113  7:35  Overlord  
  113  7:47  Zergling x6  
  113  7:48  Zergling x16  
  124  7:57  Hatchery, Zergling x6  
  124  7:58  Zergling x18  
  136  8:00  Drone  
  136  8:03  Drone x2  
  136  8:16  Zergling x8  
  136  8:18  Baneling x6  
  125  8:20  Zergling x2  
  125  8:21  Zergling x2  
  125  8:23  Zergling x2  
  125  8:24  Zergling x2  
  117  8:30  Zergling x2  
  117  8:32  Zergling x2  
  117  8:33  Zergling x2  
  115  8:34  Zergling x4  
  115  8:35  Zergling x4  
  115  8:40  Zergling x18  
  120  8:42  Baneling x7  
  120  8:44  Zergling x2  
  113  8:50  Drone  
  113  8:53  Muscular Augments  
  112  8:55  Drone x2  
  112  8:58  Infestation Pit  
  112  8:59  Hatchery  
  112  9:02  Burrow  
  110  9:06  Baneling x7  
  110  9:14  Zergling x24  
  121  9:19  Zergling x4  
  121  9:20  Zergling x4  
  121  9:21  Zergling x2  
  123  9:27  Drone  
  124  9:34  Hive  
  124  9:39  Zergling x2  
  124  9:40  Zergling x18  
  124  9:44  Drone  
  135  9:57  Zerg Melee Weapons Level 2  
  134  10:00  Overseer  
  134  10:04  Baneling x9  
  134  10:05  Hatchery  
  133  10:08  Zergling x12  
  133  10:09  Zergling x2  
  140  10:17  Drone x6  
  140  10:20  Zergling x2  
  147  10:24  Drone x2  
  146  10:33  Zergling x2  
  146  10:34  Zergling x6  
  146  10:35  Drone  
  151  10:40  Zergling x14  
  158  10:45  Hatchery  
  152  10:51  Adrenal Glands, Overlord, Spire  
  152  10:52  Overlord  
  152  10:53  Overlord  
  152  10:54  Ultralisk Cavern  
  146  10:57  Overlord  
  145  11:05  Overlord x3  
  145  11:18  Baneling  
  145  11:19  Baneling x3  
  145  11:22  Drone x5  
  149  11:37  Hatchery  
  147  11:40  Zergling x8  
  147  11:42  Baneling x3  
  147  11:45  Hatchery  
  147  11:46  Chitinous Plating  
  148  11:47  Ultralisk x2  
  155  12:06  Ultralisk  
  155  12:08  Hatchery  
  160  12:09  Baneling x7  
  160  12:12  Baneling x5  
  160  12:14  Zerg Flyer Weapons Level 1  
  160  12:16  Drone x7  
  160  12:18  Drone x2  
  169  12:25  Corruptor x2  
  169  12:33  Zergling x2  
  169  12:34  Zergling x12  
  169  12:36  Zergling x2  
  166  12:38  Zergling x4  
  166  12:39  Zergling x2  
  166  12:42  Zergling x4  
  161  12:48  Zergling x4  
  161  12:49  Zergling x4  
  148  12:54  Zergling x4  
  148  12:55  Zergling x2  
  129  13:05  Corruptor  
  129  13:06  Corruptor x2  
  129  13:07  Zergling x4  
  137  13:14  Zergling x2  
  137  13:15  Zergling x4  
  137  13:19  Zergling x2  
  141  13:34  Zergling x10  
  137  13:36  Hatchery  
  137  13:37  Corruptor x2  
  131  13:44  Corruptor  
  131  13:45  Corruptor  
  133  14:02  Baneling x21  
  133  14:04  Zergling x4  
  134  14:12  Hatchery  
  134  14:16  Zergling x18  
  136  14:19  Zergling x4  
  136  14:20  Zergling x2  
  110  14:25  Zergling x8  
  110  14:26  Zergling x6  
  110  14:30  Zergling x4  
Show
View Real Time Build Order
Export as new Build Order

Maru Terran - Winner!

Build Orders: Reaper Expand, MMM Bio 

Get SALT Encoding   

  12  0:00  SCV  
  13  0:12  SCV  
  14  0:17  Supply Depot  
  14  0:24  SCV  
  15  0:38  SCV  
  15  0:39  Barracks  
  16  0:44  Refinery  
  16  0:50  SCV  
  17  1:02  SCV  
  18  1:14  SCV  
  19  1:26  Reaper  
  19  1:27  Orbital Command  
  20  1:39  Command Center  
  20  1:52  SCV  
  21  1:55  Barracks  
  21  1:59  Barracks Reactor  
  21  2:04  SCV  
  21  2:07  Supply Depot  
  22  2:16  SCV  
  22  2:17  Refinery  
  23  2:25  Factory  
  23  2:31  SCV  
  24  2:41  Marine x2  
  24  2:42  Barracks Tech Lab  
  24  2:43  SCV  
  27  2:52  Orbital Command  
  27  2:55  SCV  
  28  3:00  Stimpack  
  28  3:03  Marine x2  
  30  3:06  Marine  
  30  3:08  SCV  
  32  3:15  Starport  
  32  3:18  SCV  
  33  3:21  Factory Reactor  
  33  3:24  Marine  
  33  3:26  Marine  
  35  3:27  SCV  
  35  3:31  SCV  
  37  3:35  Supply Depot  
  37  3:40  SCV  
  38  3:42  Marine x2  
  38  3:43  SCV  
  38  3:44  Marine  
  42  3:52  SCV  
  42  3:55  SCV  
  44  3:59  Supply Depot  
  44  4:01  Marine x3  
  47  4:04  SCV, Medivac  
  47  4:05  Medivac  
  47  4:09  SCV  
  53  4:13  Supply Depot  
  53  4:16  SCV  
  54  4:20  Marine x3  
  54  4:21  Supply Depot  
  56  4:25  SCV  
  56  4:28  SCV  
  58  4:35  Supply Depot  
  58  4:37  SCV  
  58  4:38  Marine x3  
  62  4:40  SCV  
  62  4:44  Engineering Bay  
  63  4:46  Engineering Bay  
  63  4:49  SCV  
  63  4:51  Medivac  
  66  4:54  Widow Mine  
  66  4:55  Marine x3  
  71  5:03  Combat Shields  
  71  5:11  Command Center  
  71  5:13  Marine x3  
  74  5:17  Terran Infantry Weapons Level 1  
  74  5:18  Terran Infantry Armor Level 1  
  74  5:19  SCV  
  75  5:23  SCV  
  76  5:31  Marine x2  
  76  5:33  Refinery  
  76  5:34  Supply Depot, Marine, Refinery  
  76  5:35  Factory Reactor  
  79  5:42  SCV x2  
  80  5:49  Marine x2  
  82  5:52  Marine  
  83  5:58  SCV  
  83  6:01  Barracks x2  
  83  6:02  Medivac  
  83  6:03  Barracks  
  86  6:07  Marine x2  
  86  6:08  Medivac  
  86  6:09  Marine  
  91  6:14  Supply Depot  
  91  6:17  SCV, Armory  
  92  6:23  SCV  
  92  6:25  Marine x2  
  93  6:29  Marine  
  84  6:34  Widow Mine x2  
  84  6:38  Orbital Command  
  88  6:42  Marine x2  
  88  6:43  Medivac x2  
  94  6:47  Marine  
  94  6:52  Barracks Reactor x2  
  94  6:53  Barracks Reactor  
  95  6:54  SCV x2  
  97  7:04  Orbital Command  
  97  7:05  Marine x2, Factory Tech Lab  
  97  7:06  SCV x2, Marine  
  102  7:10  Supply Depot  
  102  7:14  Marine x2  
  104  7:17  Medivac x2  
  104  7:18  SCV  
  109  7:23  Marine x3  
  109  7:24  Siege Tank  
  109  7:25  SCV  
  116  7:31  SCV  
  116  7:34  Supply Depot  
  117  7:37  SCV  
  117  7:40  Marine  
  117  7:41  Marine x6  
  125  7:46  Terran Infantry Weapons Level 2  
  125  7:49  Terran Infantry Armor Level 2  
  122  7:54  Marine x2  
  122  7:56  SCV  
  122  7:57  SCV  
  125  7:58  Marine x2  
  125  7:59  Marine  
  125  8:01  Marine x2  
  125  8:02  Supply Depot, SCV  
  131  8:08  Terran Vehicle Weapons Level 1  
  131  8:09  SCV  
  127  8:18  Marine  
  127  8:19  Siege Tank, Marine x4, Medivac  
  126  8:20  Marine x2  
  113  8:30  SCV x2  
  113  8:33  Marine  
  99  8:43  SCV x3  
  99  8:45  Marine  
  91  8:49  Marine  
  91  8:50  Marine  
  91  8:51  Siege Tank  
  91  8:54  Refinery  
  91  8:55  SCV x2  
  98  8:56  Marine x6  
  98  8:58  SCV  
  98  9:00  Refinery  
  98  9:01  Refinery  
  105  9:03  Marine  
  105  9:07  Marine x2  
  108  9:11  SCV x3  
  108  9:13  Marine  
  108  9:14  Marine x5  
  117  9:21  Marine  
  117  9:23  SCV  
  119  9:25  Marine x2  
  119  9:27  Medivac  
  119  9:29  Factory, Command Center  
  123  9:31  Supply Depot, Marine x2  
  123  9:32  Marine x3  
  123  9:37  Marine  
  123  9:38  Siege Tank  
  132  9:39  Supply Depot, Marine  
  132  9:43  Marine x2  
  132  9:45  Liberator x2  
  135  9:47  Supply Depot x2  
  135  9:48  Supply Depot  
  135  9:49  Marine  
  136  9:55  Marine x5  
  136  9:57  Marine  
  142  10:01  Marine  
  149  10:10  Barracks  
  149  10:12  Barracks  
  149  10:13  Barracks  
  149  10:15  Marine x2  
  149  10:16  Marine, Factory Tech Lab, Marauder  
  154  10:22  Terran Infantry Armor Level 3  
  154  10:27  Terran Infantry Weapons Level 3, Liberator x2  
  154  10:28  Marine x3  
  154  10:34  Supply Depot  
  155  10:46  Unknown  
  159  10:54  Marine x6  
  160  11:05  Marine x3  
  160  11:06  Siege Tank x2  
  160  11:07  Barracks Tech Lab x3  
  169  11:11  Marine  
  169  11:12  Marine x2  
  172  11:19  Ghost Academy  
  172  11:36  Marine x4, Marauder  
  172  11:41  Marauder x2  
  172  11:43  Planetary Fortress  
  176  11:47  Sensor Tower  
  176  11:49  Ghost  
  178  11:57  Ghost  
  180  12:01  Ghost  
  180  12:02  Ghost  
  184  12:17  Refinery  
  184  12:18  Refinery  
  184  12:19  Ghost  
  184  12:20  Command Center  
  184  12:21  Command Center  
  186  12:25  Ghost  
  188  12:36  SCV x3  
  177  12:44  Marine x2, Marauder x2  
  154  12:45  Marine x2  
  154  12:48  Marauder  
  154  12:49  Marine  
  155  12:55  Marauder  
  154  13:02  Unknown x2  
  154  13:05  Ghost  
  149  13:06  Marauder  
  149  13:09  Ghost  
  155  13:16  Marauder  
  157  13:26  SCV x2  
  159  13:27  Marauder  
  159  13:29  Unknown  
  159  13:34  Marauder  
  159  13:38  SCV x2  
  147  13:42  Marine, Marauder x2  
  152  13:50  SCV x2  
  154  14:02  SCV, Marine  
  156  14:03  SCV, Orbital Command, Marine  
  156  14:06  Marine x2  
  156  14:07  Marine x2, Marauder x3  

Tags
 
Add a new tag
Caveats
  • Supply blocks, unpowered buildings, or Contaminate may cause inaccurate times.
  • Supply counts are checked every 10 seconds.